Map: Sentinel CE

Players

panda - Winner!

  • Race: Terran Terran
  • Spawn Location: 12:00

HeavensFall - Winner!

  • Race: Zerg Zerg
  • Spawn Location: 9:00

sifum - Winner!

  • Race: Zerg Zerg
  • Spawn Location: 9:00

BAPU

  • Race: Zerg Zerg
  • Spawn Location: 6:00

Odeo

  • Race: Protoss Protoss
  • Spawn Location: 5:00

GARETH

  • Race: Terran Terran
  • Spawn Location: 5:00

VOD

Have the link to the VOD?

Description

Time

  • Played on: Oct. 9, 2026, 12:33 a.m.
  • Length: 26:04
Show
View Real Time Build Order
Export as new Build Order

panda Terran - Winner!

Build Orders: Command Center First 

Get SALT Encoding   

  12  0:26  SCV  
  13  0:38  SCV  
  13  0:40  Supply Depot  
  14  0:50  SCV  
  15  1:01  Command Center  
  15  1:12  Barracks  
  15  1:17  SCV  
  16  1:27  Refinery  
  16  1:29  SCV  
  17  1:33  Refinery  
  17  1:41  SCV  
  18  1:53  SCV  
  19  2:04  Marine  
  19  2:05  SCV  
  21  2:16  Supply Depot  
  21  2:17  SCV  
  21  2:21  SCV, Marine  
  24  2:29  SCV  
  25  2:33  SCV  
  26  2:39  Marine  
  26  2:41  SCV  
  28  2:50  Factory  
  28  2:53  SCV  
  28  2:56  Engineering Bay  
  29  2:59  SCV  
  30  3:08  Refinery  
  30  3:11  Refinery, SCV  
  31  3:14  SCV  
  31  3:18  Marine  
  33  3:26  SCV  
  34  3:34  SCV  
  35  3:46  Missile Turret, SCV  
  36  3:52  Factory Tech Lab  
  36  3:54  Starport  
  36  3:58  SCV  
  36  3:59  Starport  
  37  4:04  Orbital Command  
  37  4:10  SCV  
  37  4:11  Supply Depot  
  38  4:22  SCV  
  39  4:32  Starport Tech Lab  
  39  4:36  Starport Tech Lab  
  39  4:41  Fusion Core  
  39  4:49  Missile Turret  
  39  4:55  Missile Turret, Hi-Sec Auto Tracking  
  39  4:59  SCV  
  40  5:04  Missile Turret  
  40  5:09  Missile Turret  
  40  5:12  SCV  
  41  5:16  Supply Depot  
  41  5:20  SCV  
  42  5:24  SCV  
  43  5:32  SCV  
  44  5:36  SCV  
  44  5:39  Supply Depot  
  45  5:48  Battlecruiser  
  51  5:50  SCV  
  51  5:55  Weapon Refit  
  52  6:02  SCV  
  53  6:12  Battlecruiser  
  53  6:18  Starport  
  59  6:23  Orbital Command  
  59  6:45  Armory  
  59  6:53  Supply Depot  
  59  6:56  Starport Tech Lab  
  59  6:57  Battlecruiser  
  65  7:08  Starport  
  65  7:12  Command Center  
  65  7:26  Battlecruiser  
  71  7:32  Terran Ship Weapons Level 1  
  71  7:46  Battlecruiser  
  71  7:48  Starport Tech Lab  
  77  7:59  Supply Depot  
  77  8:16  Battlecruiser  
  83  8:22  Supply Depot  
  83  8:27  Refinery, SCV  
  83  8:31  Refinery  
  84  8:37  Battlecruiser  
  84  8:39  SCV  
  91  8:51  SCV  
  80  9:26  Terran Vehicle And Ship Armor Level 1  
  80  9:30  Viking x3  
  68  9:38  Starport  
  68  9:40  Viking  
  58  10:00  SCV  
  58  10:04  Missile Turret x2  
  59  10:09  Missile Turret  
  59  10:12  SCV  
  60  10:17  Supply Depot  
  60  10:23  Missile Turret  
  60  10:24  Missile Turret, SCV  
  61  10:29  Missile Turret  
  61  10:32  Missile Turret  
  61  10:35  Starport Tech Lab  
  61  10:36  Viking x4, SCV  
  61  10:39  Supply Depot  
  70  10:43  Starport  
  70  10:48  SCV  
  71  10:59  Viking  
  71  11:00  Cloaking Field  
  73  11:06  Armory, Viking x4, Smart Servos  
  81  11:13  SCV  
  82  11:20  Terran Ship Weapons Level 2  
  82  11:21  Missile Turret  
  82  11:25  Missile Turret, SCV  
  82  11:29  Missile Turret, Viking  
  85  11:36  Viking  
  85  11:37  Missile Turret  
  85  11:38  SCV  
  88  11:43  Missile Turret  
  88  11:48  Missile Turret  
  88  11:50  SCV  
  88  11:52  Missile Turret  
  89  11:56  Terran Vehicle And Ship Armor Level 2  
  89  12:01  Viking  
  92  12:11  Orbital Command  
  91  12:32  Starport Tech Lab  
  91  12:33  Viking x2  
  91  12:34  Viking  
  97  12:38  Viking  
  99  12:54  Command Center  
  99  12:59  Viking  
  99  13:00  Viking  
  99  13:03  Viking x2  
  107  13:06  Supply Depot  
  101  13:35  Viking  
  101  13:36  Viking  
  71  14:13  Viking x4  
  71  14:14  Viking x2  
  71  14:15  Terran Vehicle And Ship Armor Level 3  
  69  14:17  Terran Ship Weapons Level 3  
  69  14:28  Command Center  
  69  14:32  Refinery  
  69  14:39  Unknown  
  69  14:43  SCV  
  70  14:48  Viking  
  70  14:49  Viking  
  45  15:15  Viking x2  
  45  15:17  Viking  
  45  15:18  Viking x2  
  49  16:03  SCV  
  50  16:10  Viking  
  50  16:11  Viking x2  
  54  16:12  Viking  
  54  16:15  SCV  
  59  16:27  SCV  
  61  16:40  SCV  
  60  16:48  Refinery  
  60  16:52  SCV  
  60  16:53  Viking  
  60  16:54  Viking x3  
  63  16:57  Terran Vehicle Weapons Level 1  
  63  16:58  Viking  
  63  16:59  Viking  
  71  17:04  SCV  
  72  17:23  Viking  
  72  17:24  Viking x2, Supply Depot  
  72  17:25  Command Center, Refinery  
  72  17:47  Supply Depot  
  58  17:53  Viking x4  
  58  17:54  Viking  
  68  18:01  Orbital Command  
  68  18:07  Viking  
  70  18:23  Viking  
  70  18:26  Supply Depot  
  64  18:49  Supply Depot  
  60  19:04  Viking x4  
  60  19:05  Viking  
  70  19:15  Refinery  
  70  19:20  Missile Turret, SCV  
  71  19:26  Viking  
  73  19:32  SCV  
  73  19:34  Viking x2  
  74  19:43  Terran Vehicle Weapons Level 2  
  74  19:44  SCV  
  74  19:45  Cyclone  
  76  19:47  Mag-Field Accelerator  
  76  19:57  SCV  
  77  20:08  Factory  
  77  20:09  SCV  
  78  20:16  Missile Turret  
  78  20:17  Missile Turret  
  78  20:21  Missile Turret  
  78  20:22  Missile Turret x2  
  78  20:24  Missile Turret  
  78  20:25  SCV  
  79  20:35  Viking  
  79  20:36  Viking  
  79  20:37  SCV  
  79  20:38  Cyclone  
  87  20:45  Viking x2  
  87  20:46  Viking  
  87  20:49  SCV  
  92  21:01  SCV  
  93  21:10  Cyclone  
  86  21:12  Viking x2  
  86  21:14  Factory Tech Lab  
  88  21:20  Viking x3  
  84  21:42  Cyclone  
  61  22:09  Viking  
  61  22:10  Viking x2  
  61  22:14  Cyclone  
  61  22:15  Cyclone  
  67  22:29  Command Center  
  67  22:30  Refinery  
  67  22:32  Refinery  
  67  22:41  Hyperflight Rotors  
  67  22:46  Cyclone  
  67  22:47  Cyclone  
  73  23:10  Command Center  
  73  23:11  Unknown  
  73  23:18  Cyclone  
  76  24:15  Cyclone x2  
  82  24:17  Viking x2  
  83  24:29  SCV  
  70  24:41  SCV  
  65  24:51  Cyclone  
  65  24:52  Cyclone  
  71  24:53  SCV  
  71  24:59  Orbital Command  
  72  25:05  SCV  
  73  25:09  Orbital Command  
  73  25:18  Orbital Command  
  73  25:23  Cyclone  
Show
View Real Time Build Order
Export as new Build Order

HeavensFall Zerg - Winner!

Build Orders: Pool First 

Get SALT Encoding   

  12  0:01  Drone  
  13  0:08  Drone  
  14  0:14  Extractor  
  14  0:16  Drone  
  15  0:24  Overlord  
  15  0:35  Overlord  
  15  0:42  Drone  
  16  0:44  Drone  
  17  0:54  Spawning Pool  
  17  0:56  Drone  
  17  1:03  Extractor  
  16  1:05  Drone  
  17  1:24  Hatchery  
  17  1:25  Drone  
  17  1:29  Drone  
  18  1:38  Drone  
  19  1:45  Queen  
  21  1:59  Drone  
  21  2:00  Drone  
  23  2:12  Overlord  
  23  2:25  Drone  
  23  2:29  Extractor  
  23  2:33  Lair  
  23  2:38  Overlord  
  23  2:45  Drone  
  24  2:54  Drone  
  25  3:02  Drone x2  
  27  3:07  Drone  
  27  3:08  Drone x3  
  31  3:18  Evolution Chamber  
  30  3:21  Evolution Chamber  
  29  3:38  Hatchery  
  28  3:47  Drone x2  
  28  3:48  Drone x4  
  34  3:52  Overlord  
  34  3:53  Overlord  
  34  3:56  Hatchery  
  34  3:58  Overlord  
  33  4:04  Zerg Missile Weapons Level 1  
  33  4:08  Hydralisk Den  
  32  4:15  Drone, Hydralisk Den  
  32  4:18  Drone  
  33  4:28  Drone x2  
  33  4:29  Drone  
  36  4:32  Extractor  
  36  4:34  Extractor  
  36  4:37  Drone  
  36  4:38  Drone  
  36  4:42  Grooved Spines  
  36  4:44  Muscular Augments  
  36  4:51  Hydralisk  
  36  4:52  Infestation Pit  
  37  4:58  Overseer  
  37  5:09  Overseer  
  37  5:15  Overseer  
  37  5:30  Overseer  
  37  6:03  Drone  
  37  6:04  Drone x2  
  40  6:06  Drone x3  
  40  6:07  Queen  
  40  6:08  Queen  
  47  6:19  Drone  
  47  6:21  Drone  
  47  6:22  Drone x2  
  47  6:23  Drone x4  
  55  6:30  Hydralisk  
  57  6:37  Extractor  
  57  6:39  Extractor  
  55  6:42  Queen  
  57  6:53  Drone x3  
  60  6:55  Drone x2  
  60  6:57  Hydralisk  
  60  6:58  Hydralisk x3  
  70  7:12  Overlord  
  70  7:13  Overlord  
  70  7:21  Drone x5  
  75  7:33  Hydralisk x2  
  75  7:34  Hydralisk x2  
  83  7:39  Hydralisk x4  
  83  7:40  Hydralisk  
  93  7:44  Extractor  
  93  7:47  Extractor, Hydralisk  
  93  7:54  Hydralisk  
  93  7:58  Hydralisk x2  
  95  7:59  Hydralisk x2  
  103  8:07  Zergling x2  
  103  8:10  Overlord x4  
  103  8:11  Overlord x3  
  104  8:23  Overlord x4  
  104  8:52  Hive  
  104  8:54  Pneumatized Carapace  
  104  8:59  Burrow, Queen  
  106  9:04  Hydralisk  
  106  9:05  Hydralisk x2  
  112  9:14  Overseer x2  
  112  9:28  Overlord x2  
  112  9:31  Zerg Ground Armor Level 1  
  112  9:32  Zerg Missile Weapons Level 2  
  112  9:35  Queen  
  114  9:40  Drone x3  
  117  9:53  Hydralisk  
  117  9:54  Hydralisk x5  
  117  9:55  Hydralisk  
  131  10:10  Queen  
  131  10:11  Hydralisk  
  131  10:13  Hydralisk  
  135  10:17  Hydralisk x3  
  143  10:31  Ultralisk Cavern  
  142  10:40  Nydus Network  
  141  10:45  Hydralisk, Queen  
  141  10:46  Hydralisk x4  
  153  10:50  Zergling x8  
  153  10:51  Zergling x12  
  153  10:52  Zergling x12  
  153  10:53  Zergling x2  
  170  11:21  Queen  
  172  11:26  Unknown  
  172  11:50  Drone x3  
  175  12:03  Nydus Network  
  174  12:37  Hydralisk x2  
  174  12:38  Hydralisk  
  174  12:40  Hydralisk x4  
  174  12:41  Hydralisk x5  
  198  13:27  Nydus Canal  
  198  13:44  Drone x2  
  200  13:55  Nydus Canal  
  200  14:23  Nydus Canal  
  118  15:01  Hydralisk x5  
  118  15:02  Hydralisk x4  
  97  15:33  Hydralisk x2  
  97  15:34  Hydralisk x4  
  107  16:15  Hydralisk x6  
  107  16:16  Hydralisk  
  121  16:20  Ultralisk x6, Hatchery x2  
  121  16:21  Ultralisk x3  
  173  16:29  Zerg Ground Armor Level 2  
  173  16:31  Zerg Melee Weapons Level 1  
  173  16:35  Anabolic Synthesis  
  173  16:47  Nydus Canal  
  173  17:07  Hydralisk  
  173  17:08  Hydralisk x5  
  177  17:14  Overlord  
  177  17:15  Overlord x2  
  109  18:19  Ultralisk x3  
  127  18:20  Ultralisk x3  
  127  18:24  Hydralisk x3  
  127  18:25  Hydralisk x6  
  127  18:26  Hydralisk x3  
  157  19:25  Drone  
  157  19:26  Drone x2  
  160  19:33  Drone x3  
  160  19:36  Hydralisk x3  
  169  19:46  Drone x3  
  169  19:50  Hydralisk x3  
  169  19:51  Hydralisk x5  
  188  19:56  Hydralisk x4  
  196  20:02  Zerg Ground Armor Level 3  
  196  20:04  Zerg Melee Weapons Level 2  
  196  20:06  Chitinous Plating  
  196  20:23  Zergling x8  
  160  20:54  Hydralisk  
  160  20:55  Hydralisk x2  
  140  21:01  Hydralisk x7  
  140  21:02  Hydralisk x3  
  114  21:55  Hydralisk x3  
  114  21:59  Hydralisk x3  
  126  22:07  Drone  
  126  22:08  Drone x2  
  129  22:18  Hydralisk  
  129  22:19  Hydralisk  
  133  22:28  Nydus Canal  
  133  22:39  Nydus Canal  
  127  23:51  Nydus Canal  
  125  24:06  Nydus Canal  
  123  24:38  Queen  
  123  24:40  Queen  
  115  24:54  Hydralisk  
  115  24:55  Hydralisk x2  
  115  24:57  Hydralisk  
  115  24:58  Hydralisk x2  
  127  25:09  Unknown  
  124  25:33  Hatchery  
  112  25:47  Hatchery  
  102  25:53  Hatchery x2  
  92  26:03  Hatchery  
Show
View Real Time Build Order
Export as new Build Order

sifum Zerg - Winner!

Build Orders: Pool First 

Get SALT Encoding   

  12  0:03  Drone  
  13  0:08  Drone  
  14  0:17  Overlord  
  14  0:36  Spawning Pool  
  14  0:38  Drone  
  14  0:41  Drone  
  15  0:45  Drone  
  16  0:56  Drone  
  17  1:14  Drone  
  17  1:17  Hatchery  
  17  1:18  Drone  
  18  1:26  Drone  
  19  1:33  Drone  
  20  1:46  Drone  
  21  1:55  Extractor  
  21  1:58  Extractor  
  21  1:59  Drone  
  20  2:06  Spine Crawler  
  19  2:10  Spine Crawler  
  19  2:11  Drone  
  19  2:19  Hatchery  
  18  2:24  Queen  
  18  2:26  Drone x2  
  22  2:30  Drone  
  24  2:37  Drone  
  24  2:41  Drone  
  25  2:48  Drone  
  26  3:12  Roach Warren  
  25  3:15  Lair  
  25  3:17  Drone x2  
  25  3:18  Drone  
  28  3:23  Overlord x2  
  28  4:12  Drone  
  28  4:13  Drone x7  
  28  4:14  Drone x3  
  39  4:21  Queen  
  41  4:28  Spire  
  41  4:29  Spire  
  39  4:33  Spore Crawler  
  39  4:35  Spore Crawler  
  39  4:37  Drone x4  
  41  4:40  Drone  
  42  4:49  Spore Crawler  
  42  4:51  Spine Crawler  
  40  4:53  Drone  
  41  5:11  Hydralisk Den  
  41  5:13  Drone x7  
  47  5:20  Drone x3  
  50  5:24  Extractor  
  50  5:27  Extractor  
  48  5:29  Spore Crawler  
  48  5:32  Spine Crawler  
  48  5:34  Lair  
  46  5:37  Drone  
  47  5:46  Mutalisk  
  47  5:49  Overlord x4  
  49  5:59  Drone  
  50  6:09  Drone x5  
  55  6:18  Mutalisk x3  
  55  6:24  Drone x2  
  63  6:34  Drone x2, Hatchery  
  64  6:45  Pneumatized Carapace  
  64  6:47  Zerg Flyer Weapons Level 1  
  64  6:48  Zerg Flyer Armor Level 1  
  64  6:53  Mutalisk x4  
  72  7:11  Hatchery  
  72  7:13  Mutalisk  
  72  7:14  Mutalisk  
  75  7:38  Mutalisk  
  75  7:39  Mutalisk x2  
  75  7:42  Overlord x7  
  75  7:43  Overlord x3  
  81  7:51  Mutalisk  
  83  8:02  Drone x2  
  85  8:12  Drone x7  
  92  8:13  Drone  
  93  8:30  Mutalisk x4  
  101  8:37  Extractor x2  
  101  8:38  Drone x3  
  102  8:45  Drone x4  
  102  8:46  Drone x7  
  102  8:47  Drone x2  
  115  8:49  Lair  
  115  8:51  Drone  
  116  8:58  Spine Crawler  
  116  8:59  Spine Crawler  
  116  9:02  Spine Crawler  
  113  9:04  Drone  
  113  9:05  Spine Crawler  
  113  9:12  Drone  
  114  9:19  Mutalisk x4  
  114  9:20  Mutalisk  
  124  9:28  Spore Crawler  
  124  9:29  Spore Crawler  
  124  9:30  Spore Crawler  
  121  9:32  Zerg Flyer Weapons Level 2  
  121  9:49  Hatchery  
  120  9:53  Mutalisk x2  
  120  9:54  Mutalisk  
  120  9:58  Zerg Flyer Armor Level 2  
  126  10:09  Mutalisk x2  
  130  10:16  Drone  
  130  10:17  Drone  
  132  10:23  Drone x7  
  132  10:24  Drone x7  
  132  10:25  Drone  
  147  10:38  Mutalisk x4  
  147  10:39  Mutalisk  
  157  10:55  Extractor  
  156  11:09  Mutalisk x3  
  162  11:17  Mutalisk x3  
  168  11:24  Spore Crawler  
  167  11:26  Spore Crawler  
  167  11:28  Spore Crawler  
  167  11:30  Spore Crawler  
  167  11:32  Drone x2  
  166  11:35  Drone x3  
  169  11:43  Extractor  
  168  11:52  Lair  
  168  11:53  Drone  
  169  12:08  Overseer x3  
  169  12:11  Overlord x5  
  169  12:12  Overlord x4  
  147  12:40  Drone x3  
  150  12:54  Mutalisk x4  
  150  12:55  Mutalisk x7  
  150  12:56  Mutalisk  
  174  13:03  Hatchery  
  173  13:06  Spine Crawler  
  172  13:16  Evolution Chamber  
  172  13:18  Evolution Chamber  
  170  13:24  Evolution Chamber  
  169  13:33  Drone x3  
  172  13:40  Spine Crawler  
  172  13:41  Spine Crawler  
  170  13:42  Spine Crawler  
  170  13:44  Spine Crawler, Drone x3  
  171  13:49  Drone x4  
  171  13:50  Drone x2  
  177  14:00  Drone x3  
  177  14:01  Drone x5  
  177  14:02  Baneling Nest  
  184  14:12  Infestation Pit  
  183  14:25  Lair x2  
  183  14:30  Spore Crawler  
  182  14:32  Spore Crawler  
  182  14:34  Spore Crawler  
  182  14:36  Spore Crawler  
  179  14:39  Spore Crawler  
  178  14:48  Grooved Spines  
  178  14:50  Zerg Ground Armor Level 1, Zerg Missile Weapons Level 1  
  178  14:57  Corruptor x6  
  178  14:58  Corruptor x5  
  200  15:04  Overlord x6  
  186  15:38  Muscular Augments  
  186  15:39  Corruptor x3  
  190  16:14  Drone x3  
  193  16:21  Mutalisk  
  193  16:22  Mutalisk x2  
  199  16:26  Hive  
  199  16:29  Hive x2  
  197  18:11  Corruptor  
  199  18:14  Zerg Flyer Armor Level 3, Zerg Flyer Weapons Level 3  
  119  19:22  Hydralisk x5  
  119  19:23  Hydralisk x4  
  137  19:32  Hatchery  
  137  19:33  Hatchery  
  137  19:34  Hatchery  
  134  19:45  Hatchery, Overseer x4  
  133  19:48  Drone x3  
  136  20:00  Lair  
  136  20:04  Hydralisk  
  136  20:05  Hydralisk x5  
  136  20:06  Extractor  
  147  20:08  Spine Crawler  
  147  20:11  Extractor  
  147  20:13  Hydralisk x3  
  147  20:14  Hydralisk x3  
  149  20:18  Zerg Ground Armor Level 2  
  149  20:20  Zerg Melee Weapons Level 1  
  157  20:21  Centrifugal Hooks  
  157  20:23  Glial Reconstitution  
  157  20:29  Spore Crawler  
  157  20:30  Spore Crawler  
  157  20:35  Spore Crawler  
  154  20:43  Spine Crawler  
  154  20:45  Spine Crawler  
  154  20:47  Spine Crawler  
  154  20:48  Spine Crawler  
  154  20:49  Spore Crawler  
  149  20:59  Drone x5  
  149  21:00  Drone x7  
  149  21:01  Drone x3  
  164  21:20  Corruptor x5  
  164  21:21  Corruptor x5  
  164  21:25  Corruptor x7  
  188  21:26  Corruptor  
  200  21:34  Spore Crawler  
  200  21:36  Spore Crawler  
  200  21:38  Spore Crawler  
  197  21:42  Tunneling Claws  
  191  22:08  Zergling x14  
  195  22:09  Zergling x4  
  195  22:11  Metabolic Boost  
  196  22:33  Zerg Missile Weapons Level 2  
  196  22:55  Greater Spire  
  196  22:56  Greater Spire  
  196  23:03  Zergling x8  
  196  23:05  Unknown  
  183  23:30  Adrenal Glands  
  178  23:59  Hydralisk x6  
  178  24:00  Hydralisk x4  
  198  24:02  Hatchery  
  197  24:10  Spore Crawler  
  197  24:11  Spore Crawler  
  197  24:14  Spore Crawler  
  197  24:16  Spore Crawler  
  193  24:20  Spore Crawler x2  
  193  24:23  Spore Crawler  
  190  24:25  Spore Crawler  
  188  24:44  Brood Lord x5  
  188  24:45  Brood Lord x4  
Show
View Real Time Build Order
Export as new Build Order

BAPU Zerg 

Build Orders: Pool First 

Get SALT Encoding   

  12  0:49  Spawning Pool  
  11  0:50  Drone  
  11  0:52  Drone, Hatchery  
  12  0:59  Drone  
  13  1:08  Extractor  
  12  1:14  Overlord  
  12  1:16  Drone  
  13  1:41  Queen  
  13  1:42  Drone x2  
  17  1:47  Drone  
  18  1:59  Spine Crawler  
  18  2:01  Drone  
  18  2:09  Drone  
  18  2:13  Drone  
  20  2:19  Drone  
  21  2:27  Drone  
  22  2:31  Extractor  
  22  2:33  Lair  
  21  2:44  Spine Crawler  
  21  2:47  Drone x2  
  21  2:48  Drone  
  23  3:10  Spine Crawler  
  22  3:16  Spine Crawler  
  22  3:17  Drone x2  
  23  3:29  Drone x3  
  23  3:30  Drone x2  
  28  3:43  Hydralisk Den, Overlord  
  27  3:51  Spore Crawler  
  26  4:05  Drone x2  
  26  4:07  Overseer  
  28  4:10  Hatchery  
  27  4:18  Evolution Chamber  
  27  4:21  Drone  
  27  4:22  Drone x2  
  29  4:37  Muscular Augments  
  29  4:48  Nydus Network  
  29  4:49  Drone x3  
  31  4:53  Drone  
  31  4:54  Drone  
  31  4:58  Extractor  
  31  4:59  Extractor  
  31  5:00  Overlord  
  31  5:10  Spore Crawler  
  30  5:15  Overlord  
  30  5:20  Zerg Missile Weapons Level 1  
  30  5:25  Drone x2  
  30  5:28  Overseer  
  32  5:31  Queen  
  32  5:35  Overlord  
  34  5:40  Overseer  
  34  5:53  Drone x2  
  36  6:00  Grooved Spines  
  36  6:05  Nydus Canal  
  36  6:20  Hydralisk x2  
  40  6:47  Metabolic Boost  
  40  6:50  Drone  
  40  6:51  Drone x5  
  46  7:05  Drone x3  
  49  7:10  Hydralisk x2  
  49  7:11  Hydralisk  
  49  7:14  Zerg Ground Armor Level 1  
  55  7:21  Hydralisk  
  57  7:26  Nydus Canal  
  57  7:27  Hydralisk x2  
  57  7:28  Hydralisk x2  
  65  7:36  Spore Crawler  
  64  7:40  Spore Crawler  
  64  7:41  Drone x2  
  65  7:54  Spore Crawler  
  64  8:01  Spore Crawler  
  63  8:09  Spore Crawler  
  62  8:23  Drone  
  62  8:24  Drone x2  
  65  8:29  Spore Crawler x2  
  65  8:31  Spore Crawler  
  62  8:36  Queen, Overlord  
  62  8:37  Overlord x2  
  64  8:54  Nydus Canal  
  64  8:56  Drone x2  
  66  9:05  Hydralisk x2  
  70  9:21  Spore Crawler x2  
  70  9:23  Hydralisk x2  
  72  9:32  Spire  
  72  9:36  Drone  
  72  9:44  Nydus Canal  
  72  9:46  Hatchery  
  66  10:00  Drone x2  
  66  10:01  Drone  
  69  10:09  Spore Crawler  
  69  10:10  Drone x3  
  69  10:12  Spore Crawler  
  69  10:13  Zerg Missile Weapons Level 2  
  70  10:21  Spore Crawler  
  69  10:27  Drone x2  
  71  10:33  Spore Crawler  
  70  10:36  Spore Crawler x2  
  70  10:37  Spore Crawler, Queen  
  69  10:45  Overseer  
  69  10:48  Zerg Flyer Armor Level 1  
  69  10:54  Burrow  
  69  11:02  Spore Crawler x2  
  67  11:07  Overlord x3  
  67  11:22  Corruptor x2  
  67  11:23  Corruptor x2  
  75  12:01  Hydralisk x3  
  75  12:04  Pneumatized Carapace  
  79  12:36  Drone x3  
  78  12:37  Drone  
  78  12:44  Drone x7  
  78  12:49  Hydralisk  
  78  12:50  Hydralisk x5  
  90  13:00  Spore Crawler  
  89  13:06  Spore Crawler  
  89  13:09  Spore Crawler  
  89  13:10  Drone x3  
  90  13:27  Corruptor x3  
  90  13:30  Spore Crawler  
  95  13:39  Spore Crawler  
  94  13:43  Zerg Ground Armor Level 2  
  94  13:51  Zerg Flyer Weapons Level 1  
  94  13:53  Infestation Pit  
  93  14:07  Corruptor x4  
  93  14:08  Corruptor  
  103  14:35  Hive  
  103  14:36  Drone x3  
  106  14:45  Lurker Den  
  105  14:50  Drone x3  
  105  14:52  Spore Crawler  
  107  14:53  Spore Crawler  
  107  14:54  Extractor  
  105  15:15  Hydralisk x3  
  111  15:28  Corruptor, Spore Crawler  
  110  15:29  Spore Crawler  
  110  15:30  Overlord x2  
  110  15:31  Spore Crawler  
  110  15:44  Drone  
  110  15:45  Drone  
  112  15:53  Drone x3  
  112  15:55  Lurker x3  
  118  16:00  Lurker x3  
  121  16:33  Viper x2  
  121  16:35  Overlord  
  127  17:00  Spore Crawler  
  126  17:03  Overseer  
  126  17:05  Overseer  
  126  17:08  Viper x3  
  135  17:28  Spore Crawler  
  134  17:30  Spore Crawler  
  134  17:33  Lurker x3  
  136  17:42  Extractor  
  121  18:08  Drone x3  
  124  18:16  Lurker x5  
  124  18:17  Lurker  
  130  18:27  Corruptor x2  
  124  19:01  Overlord x3  
  124  19:23  Hatchery  
  123  19:27  Viper  
  123  19:28  Viper  
  127  19:55  Spore Crawler  
  126  20:21  Corruptor x3  
  132  20:39  Hydralisk  
  132  21:25  Spine Crawler  
  131  21:37  Corruptor x3  
  137  21:45  Lurker x5  
  142  21:54  Spine Crawler  
  141  22:10  Spore Crawler  
  141  22:11  Spore Crawler  
  139  22:21  Corruptor x2  
  143  22:31  Overlord x3  
  143  22:50  Overseer  
  141  23:28  Hydralisk x3  
  141  23:29  Hydralisk x4  
  155  24:01  Spine Crawler  
  154  24:20  Hydralisk x3  
  142  24:54  Lurker  
  142  24:55  Lurker x4  
  145  25:21  Lurker x2  
Show
View Real Time Build Order
Export as new Build Order

Odeo Protoss 

Build Orders:  

Get SALT Encoding   

  12  0:01  Probe  
  13  0:14  Probe  
  14  0:31  Pylon  
  14  0:32  Probe (Chrono Boost)  
  15  0:45  Pylon  
  15  0:47  Probe  
  16  0:59  Probe  
  17  1:09  Forge  
  17  1:11  Gateway  
  17  1:12  Probe  
  18  1:18  Assimilator  
  18  1:24  Probe  
  19  1:37  Probe  
  20  1:43  Assimilator  
  20  1:49  Probe  
  21  1:56  Photon Cannon  
  21  2:03  Cybernetics Core  
  21  2:12  Photon Cannon  
  21  2:25  Probe (Chrono Boost)  
  22  2:34  Probe (Chrono Boost)  
  23  2:39  Nexus, Probe (Chrono Boost)  
  24  2:46  Pylon  
  24  2:53  Probe  
  25  3:05  Pylon  
  25  3:07  Probe  
  26  3:12  Photon Cannon  
  26  3:18  Pylon  
  26  3:33  Pylon  
  26  3:38  Probe  
  27  3:42  Stargate  
  27  3:44  Stargate  
  27  3:53  Probe (Chrono Boost)  
  27  3:54  Probe (Chrono Boost)  
  30  4:03  Probe (Chrono Boost)  
  30  4:07  Photon Cannon  
  30  4:08  Probe (Chrono Boost)  
  31  4:20  Probe (Chrono Boost)  
  32  4:25  Pylon  
  32  4:30  Probe (Chrono Boost)  
  32  4:31  Void Ray x2 (Chrono Boost)  
  33  4:35  Probe (Chrono Boost)  
  42  4:46  Probe  
  42  4:47  Pylon  
  43  5:00  Shield Battery  
  43  5:05  Void Ray, Photon Cannon  
  47  5:11  Void Ray  
  51  5:16  Photon Cannon  
  51  5:21  Probe (Chrono Boost)  
  52  5:30  Probe (Chrono Boost)  
  52  5:32  Assimilator  
  52  5:33  Photon Cannon  
  53  5:35  Probe (Chrono Boost)  
  53  5:37  Assimilator  
  53  5:39  Probe  
  55  5:45  Shield Battery  
  55  5:47  Probe (Chrono Boost)  
  56  5:53  Void Ray  
  56  5:54  Probe (Chrono Boost)  
  61  5:59  Probe (Chrono Boost)  
  62  6:06  Probe (Chrono Boost)  
  63  6:14  Probe  
  63  6:15  Photon Cannon  
  64  6:21  Pylon  
  64  6:27  Probe  
  64  6:31  Void Ray, Protoss Air Weapons Level 1 (Chrono Boost)  
  69  6:39  Void Ray  
  73  6:44  Stargate  
  73  6:58  Cybernetics Core  
  73  7:02  Pylon  
  73  7:11  Photon Cannon  
  73  7:17  Pylon  
  73  7:19  Void Ray  
  77  7:27  Fleet Beacon, Void Ray  
  81  7:47  Protoss Air Armor Level 1 (Chrono Boost), Void Ray  
  85  8:05  Void Ray  
  89  8:33  Void Ray  
  89  8:34  Void Ray  
  97  8:51  Void Ray  
  101  9:00  Protoss Air Weapons Level 2 (Chrono Boost)  
  101  9:03  Pylon  
  101  9:05  Pylon  
  101  9:08  Pylon  
  101  9:16  Void Ray  
  105  9:35  Nexus  
  105  9:39  Shield Battery  
  105  9:41  Shield Battery  
  105  9:44  Shield Battery  
  105  9:47  Shield Battery  
  105  9:49  Photon Cannon  
  105  9:51  Photon Cannon  
  105  9:53  Photon Cannon  
  105  9:55  Photon Cannon  
  105  9:57  Photon Cannon  
  105  10:01  Photon Cannon  
  105  10:02  Protoss Air Armor Level 2 (Chrono Boost)  
  105  10:04  Photon Cannon, Void Ray  
  105  10:05  Void Ray  
  105  10:06  Photon Cannon  
  113  10:07  Shield Battery  
  113  10:21  Assimilator  
  113  10:22  Void Ray  
  113  10:23  Assimilator  
  117  10:50  Probe  
  117  10:56  Void Ray x2  
  126  11:02  Probe  
  127  11:05  Flux Vanes  
  127  11:07  Stargate  
  127  11:12  Stargate  
  127  11:24  Probe (Chrono Boost)  
  129  11:33  Probe (Chrono Boost)  
  129  11:38  Probe (Chrono Boost)  
  129  11:39  Void Ray  
  134  11:49  Void Ray  
  138  11:55  Protoss Air Weapons Level 3 (Chrono Boost)  
  138  11:58  Photon Cannon  
  138  11:59  Shield Battery  
  138  12:00  Pylon  
  138  12:02  Void Ray  
  138  12:06  Void Ray  
  146  12:12  Shield Battery  
  146  12:13  Pylon  
  146  12:25  Void Ray  
  150  12:39  Void Ray x2  
  158  12:50  Void Ray  
  162  13:06  Photon Cannon  
  162  13:38  Void Ray  
  162  13:39  Void Ray  
  170  13:47  Protoss Air Armor Level 3 (Chrono Boost)  
  170  13:56  Pylon  
  170  14:14  Void Ray x2  
  178  14:20  Nexus  
  178  14:23  Pylon  
  178  14:27  Void Ray  
  146  14:41  Void Ray  
  146  14:42  Void Ray  
  142  15:15  Void Ray x3  
  90  16:02  Void Ray  
  90  16:03  Void Ray x4  
  102  16:43  Assimilator  
  102  16:45  Probe (Chrono Boost), Void Ray  
  102  16:46  Void Ray x2  
  102  16:47  Assimilator  
  100  16:59  Void Ray x2  
  70  17:55  Void Ray  
  70  17:56  Void Ray x4  
  86  18:49  Void Ray x3  
  98  19:19  Void Ray  
  102  20:14  Void Ray  
Show
View Real Time Build Order
Export as new Build Order

GARETH Terran 

Build Orders:  

Get SALT Encoding   

  12  0:00  SCV  
  13  0:12  SCV  
  14  0:29  Supply Depot  
  14  0:35  SCV  
  15  0:51  SCV  
  16  0:57  Barracks  
  16  1:13  Command Center  
  16  1:17  SCV  
  17  1:24  Refinery  
  17  1:33  Supply Depot  
  17  1:37  SCV  
  18  1:49  SCV  
  18  1:50  Bunker  
  20  1:56  Marine  
  20  2:14  Marine  
  21  2:24  Command Center  
  21  2:32  SCV  
  21  2:35  SCV  
  24  2:44  SCV  
  24  2:46  Barracks Reactor  
  24  2:58  Supply Depot  
  24  3:01  SCV  
  24  3:04  Refinery  
  25  3:13  SCV  
  25  3:19  SCV  
  27  3:25  SCV  
  28  3:28  Marine x2  
  28  3:31  SCV  
  31  3:37  SCV  
  31  3:40  SCV  
  33  3:43  SCV  
  34  3:50  SCV  
  34  3:53  SCV  
  36  3:55  SCV  
  36  4:02  SCV  
  38  4:05  SCV  
  38  4:07  SCV  
  40  4:12  Refinery x2  
  40  4:14  SCV  
  42  4:17  SCV, Factory  
  42  4:18  Marine x2  
  42  4:23  SCV  
  45  4:26  SCV  
  45  4:29  SCV  
  47  4:35  SCV  
  47  4:38  SCV  
  49  4:41  SCV  
  50  4:47  Factory, SCV  
  50  4:50  SCV  
  52  4:57  Barracks  
  52  4:59  SCV  
  53  5:00  Factory Tech Lab  
  53  5:02  SCV  
  53  5:05  Bunker  
  54  5:08  Bunker  
  54  5:10  Refinery  
  54  5:11  SCV, Refinery  
  54  5:13  SCV  
  56  5:14  SCV  
  56  5:20  Bunker  
  57  5:23  SCV  
  57  5:26  SCV  
  59  5:32  Engineering Bay  
  59  5:36  SCV  
  59  5:38  Factory Tech Lab, SCV  
  59  5:39  Siege Tank  
  64  5:48  SCV  
  65  5:50  SCV  
  65  5:53  SCV  
  67  5:58  Starport  
  67  6:00  SCV, Missile Turret  
  68  6:05  Missile Turret, SCV  
  69  6:18  Missile Turret  
  69  6:23  Missile Turret x2  
  69  6:24  Missile Turret  
  69  6:36  Supply Depot  
  69  6:40  Supply Depot  
  69  6:42  Supply Depot  
  69  6:46  Orbital Command, Supply Depot  
  69  6:47  Orbital Command  
  69  6:50  Orbital Command  
  69  6:58  Marine x3, Siege Tank  
  69  6:59  Fusion Core  
  75  7:09  Armory  
  75  7:11  Starport  
  75  7:15  Marine x3  
  75  7:16  Starport  
  75  7:18  Starport  
  75  7:21  Starport  
  78  7:33  Marine x3  
  81  7:51  Marine x3  
  84  8:09  Marine x2  
  86  8:20  Supply Depot  
  86  8:23  Supply Depot  
  86  8:25  Supply Depot  
  86  8:28  Supply Depot  
  86  8:31  Starport Tech Lab x3  
  86  8:32  Starport Tech Lab x2  
  86  8:37  Terran Vehicle Weapons Level 1  
  86  8:38  Weapon Refit  
  86  8:45  Starport  
  86  8:47  Starport  
  86  8:48  Starport  
  86  8:51  Starport  
  86  8:53  Starport  
  86  8:58  Battlecruiser  
  92  9:03  Marine x3  
  81  9:20  Marine  
  81  9:21  Marine x2  
  81  9:37  Command Center  
  81  9:38  Marine x2  
  83  10:01  Starport Tech Lab  
  83  10:06  Starport Tech Lab  
  83  10:12  SCV, Starport Tech Lab  
  83  10:13  SCV  
  85  10:22  Missile Turret  
  85  10:24  SCV  
  85  10:25  SCV  
  87  10:30  Missile Turret  
  87  10:33  Missile Turret  
  87  10:35  Missile Turret  
  87  10:36  SCV  
  87  10:37  SCV  
  87  10:38  Missile Turret  
  87  10:42  Battlecruiser  
  95  10:48  SCV  
  95  10:49  SCV  
  97  10:55  Battlecruiser  
  103  11:00  SCV  
  103  11:01  SCV  
  105  11:12  Battlecruiser  
  111  11:25  Supply Depot  
  111  11:28  Supply Depot  
  111  11:29  Supply Depot  
  111  11:30  Supply Depot  
  111  11:44  Battlecruiser  
  117  12:00  Battlecruiser  
  123  12:02  Starport Tech Lab  
  129  12:30  Battlecruiser x2  
  135  12:44  SCV  
  136  12:56  SCV  
  137  13:09  SCV  
  126  13:21  SCV  
  115  13:33  SCV  
  110  13:37  Battlecruiser x3  
  110  13:38  Battlecruiser  
  100  14:16  Command Center  
  70  16:01  Battlecruiser x4  
  70  16:02  Battlecruiser x3  
  112  16:06  Marine x2  
  112  16:07  Marine  
  115  16:16  SCV  
  116  16:24  Marine x3  
  119  16:28  SCV  
  120  16:40  SCV  
  120  16:42  Marine x3  
  124  16:53  SCV, Missile Turret  
  125  17:00  Marine, Missile Turret  
  126  17:01  Missile Turret  
  126  17:05  SCV, Missile Turret  
  126  17:06  Missile Turret  
  127  17:11  Missile Turret  
  127  17:15  Missile Turret  
  127  17:16  Missile Turret  
  127  17:18  Missile Turret  
  127  17:20  Missile Turret  
  120  18:10  Command Center  
  101  18:48  Command Center  
  94  19:13  Battlecruiser x4  
  94  19:14  Battlecruiser  
  130  19:17  Battlecruiser  
  130  19:55  Missile Turret  
  130  19:58  Missile Turret  
  130  19:59  Missile Turret  
  130  20:01  Missile Turret  
  130  20:03  Missile Turret  
  130  20:04  Missile Turret  
  130  20:18  SCV  
  130  20:19  Refinery  
  131  20:30  SCV  
  132  20:42  SCV  
  121  20:54  SCV  
  108  21:06  SCV  
  90  21:45  Battlecruiser x4  
  108  21:48  Marine x3  
  111  22:05  Marine  
  111  22:20  Bunker x2  
  93  22:43  Battlecruiser  
  16  24:38  Liberator  
Tags
 
Add a new tag
Caveats
  • Supply blocks, unpowered buildings, or Contaminate may cause inaccurate times.
  • Supply counts are checked every 10 seconds.